 Dungeon Crawl Stone Soup version 0.30-a0-586-g23e55c9e0a (webtiles) character file.

Game seed: 5792056864973705396

100 Juicyj the Trooper (level 4, -3/40 HPs)
             Began as a Minotaur Fighter on Jan 3, 2023.
             Shot with an arrow by a centaur (14 damage)
             ... on level 3 of the Dungeon.
             The game lasted 00:03:27 (1545 turns).

Juicyj the Trooper (Minotaur Fighter)               Turns: 1545, Time: 00:03:28

Health: -3/40      AC:  7    Str: 20    XL:     4   Next: 46%
Magic:  3/3        EV:  9    Int:  5    God:
Gold:   204        SH:  5    Dex: 12    Spells: 3/3 levels left

rFire   . . .      SeeInvis .    a - +0 trident (freeze)
rCold   . . .      Faith    .    c - +0 buckler
rNeg    . . .      Spirit   .    b - +0 scale mail
rPois   .          Reflect  .    (helmet restricted)
rElec   .          Harm     .    (no cloak)
rCorr   .          Rampage  .    (no gloves)
Will    .....                    (no boots) Stlth
                                 (no amulet)
HPRegen 0.26/turn                (no ring)
MPRegen 0.08/turn                (no ring)

@: studying Ranged Weapons, very slow
A: horns 2, retaliatory headbutt
a: no special abilities


You were on level 3 of the Dungeon.
You visited 1 branch of the dungeon, and saw 3 of its levels.

You collected 204 gold pieces.

Inventory:

Hand Weapons
 a - a +0 trident of freezing (weapon)
Armour
 b - a +0 scale mail (worn)
 c - a +0 buckler (worn)
Scrolls
 f - a scroll of brand weapon
 h - a scroll of enchant armour {unknown}
 i - 2 scrolls of amnesia
 j - a scroll of vulnerability
 k - a scroll of magic mapping
Potions
 d - a potion of might
 g - a potion of flight


   Skills:
 + Level 4.2 Fighting
 + Level 1.0(1.3) Short Blades
 + Level 1.2(1.4) Long Blades
 + Level 1.5 Maces & Flails
 + Level 3.1 Polearms
 + Level 4.2 Armour
 + Level 4.2 Shields


You had 3 spell levels left.
You didn't know any spells.
Your spell library contained the following spells:

 Spells                   Type           Power      Damage    Failure   Level
 Dazzling Flash           Conj/Hex       0%         N/A       99%         3
 Agony                    Necr           0%         N/A       100%        5
 Silence                  Hex/Air        0%         N/A       100%        5


Dungeon Overview and Level Annotations

Branches:
Dungeon (3/15)

Altars:

Shops:
D:3 !


Innate Abilities, Weirdness & Mutations

You have a pair of horns on your head.
You reflexively headbutt those who attack you in melee.


Message History

The centaur wields a +2 shortbow of electrocution.
You hear the crackle of electricity.
The centaur shoots an arrow.
The arrow barely misses you.
There is an entrance to Liubbun's Distillery here.
A centaur is nearby!
The centaur shoots an arrow.
The arrow barely misses you.
The centaur shoots an arrow.
The arrow hits you!
You are electrocuted!
An endoplasm comes into view.
The centaur shoots an arrow.
You block the arrow.
The centaur shoots an arrow.
The arrow barely misses you.
An endoplasm comes into view.
Found a scroll labelled JAKASHR LAXKA.
The endoplasm quivers.
The centaur shoots an arrow.
You block the arrow.
You reach to attack!
You hit the centaur. You freeze the centaur.
The centaur is lightly wounded.
The centaur shoots an arrow.
The arrow barely misses you.
The centaur shoots an arrow.
The arrow hits you!
* * * LOW HITPOINT WARNING * * *
You are too injured to fight recklessly!
You are too injured to fight recklessly!
You are too injured to fight recklessly!
The centaur unwields a +2 shortbow of electrocution.
It stops crackling.
The centaur hits you but does no damage.
The centaur barely misses you. The centaur attacks as you move away!
The centaur hits you but does no damage.
The centaur kicks you but does no damage.
You feel much better.
You puncture the endoplasm! You freeze the endoplasm.
You kill the endoplasm!
The centaur wields a +2 shortbow of electrocution.
You hear the crackle of electricity.
The centaur shoots an arrow.
The arrow hits you!
* * * LOW HITPOINT WARNING * * *
You enter the shallow water.
Moving in this stuff is going to be slow.
The centaur shoots an arrow.
The arrow hits you!
You die...

#.#######...
###...........
.............
#....[.J....
#...........
.#########...c.......
.......<.∩###.######~♣
..........# #..#♣~~~♣
..........# #PP@~♣
..........# #♣~~~P♣
########.## ♣~~~♣PP~
#..


P~~PP ~≈≈≈ ##. ~P~~~~~ ≈≈≈ .~♣~~~~~~~≈ ≈≈ P~~~P~P≈≈≈ ≈ #P♣~~P~♣~~≈≈ You could
see a centaur.

Vanquished Creatures
  4 adders (D:2)
  A worm (D:2)
  2 dart slugs (D:2)
  3 ball pythons
  6 endoplasms
  7 giant cockroaches
  6 hobgoblins
  4 jackals (D:1)
  3 bats (D:1)
  A frilled lizard (D:1)
  5 goblins (D:1)
  5 kobolds
  6 rats
53 creatures vanquished.

Notes
Turn   | Place    | Note
-------+----------+-------------------------------------------
     0 | D:1      | Juicyj the Minotaur Fighter began the quest for the Orb.
     0 | D:1      | Reached XP level 1. HP: 19/19 MP: 0/0
   132 | D:1      | Reached XP level 2. HP: 25/27 MP: 1/1
   374 | D:1      | Found a faded altar of an unknown god.
   474 | D:1      | Reached XP level 3. HP: 33/33 MP: 2/2
   563 | D:1      | Reached skill level 1 in Maces & Flails
  1149 | D:2      | Reached skill level 1 in Long Blades
  1149 | D:2      | Reached XP level 4. HP: 39/40 MP: 3/3
  1229 | D:2      | Reached skill level 1 in Short Blades
  1533 | D:3      | Found Liubbun's Distillery.
  1535 | D:3      | Noticed a centaur
  1545 | D:3      | Shot with an arrow by a centaur

Illustrated notes

Levels and vault maps discovered:
D:1:      saegor_arrival_under_anarchy, layout_loops_ring,
          shapermc_ecumenical_altar_venn, minmay_misc_feat_nine_boxes,
          chequers_serial_rivers_micro_c, st_stairs_8,
          wander_ebering_terrifying_dragon_lair
D:2:      layout_rooms, minmay_between
D:3:      layout_basic, serial_shops, shop, serial_bayou_lake_a, uniq_sigmund,
          uniq_terence, uniq_jessica

Skill      XL: |  1  2  3  4 |
---------------+-------------+-----
Fighting       | 4 |  4.2
Armour         | 4 |  4.2
Shields        | 4 |  4.2
Maces & Flails | 1 |  1.5
Polearms       | 3 |  3.1
Long Blades    | 1 |  1.2
Short Blades   | 1 |  1.0

Action                   |  1- 3 |  4- 6 || total
-------------------------+-------+-------++-------
Melee: Trident           |   104 |    23 ||   127
       Headbutt          |    11 |     4 ||    15
  Use: Potion            |     5 |     1 ||     6
       Scroll            |     4 |       ||     4
Armor: Scale mail        |    37 |     7 ||    44
Dodge: Dodged            |    38 |     9 ||    47
Block: Buckler           |    15 |     3 ||    18

Table legend: (Time is in decaauts)
 A = Elapsed time spent in this place.
 B = Non-inter-level travel time spent in this place.
 C = Inter-level travel time spent in this place.
 D = Time resting spent in this place.
 E = Time spent auto-exploring this place.
 F = Levels seen in this place.
 G = Mean time per level.
                   A        B        C        D        E       F      G
               +--------+--------+--------+--------+--------+-----+--------+
         Total |   1578 |   1520 |     58 |      0 |   1211 |   3 |  526.0 |
       Dungeon |   1578 |   1520 |     58 |      0 |   1211 |   3 |  526.0 |
               +--------+--------+--------+--------+--------+-----+--------+

Top non-repeatable levels by time:
     D:1: 1042 daAuts
     D:2: 523 daAuts
     D:3: 12 daAuts
